 Dungeon Crawl Stone Soup version 0.20-a0-201-g851c6fa (webtiles) character file.

65 patrickswayze the Sneak (level 3, 0/28 HPs)
             Began as a Deep Elf Chaos Knight on Nov 24, 2016.
             Slain by Robin
             ... wielding a +5 spear of piercing
              (1 damage)
             ... on level 2 of the Dungeon.
             The game lasted 00:02:31 (1197 turns).

patrickswayze the Sneak (Deep Elf Chaos Knight)     Turns: 1197, Time: 00:02:32

Health: 0/28       AC: 21    Str:  9    XL:     3   Next: 92%
Magic:  5/5        EV:  2    Int: 14    God:    Xom [..*...]
Gold:   45         SH:  0    Dex: 15    Spells: 2/2 levels left

rFire  . . .     SeeInvis .     a - +0 short sword (chaos)
rCold  . . .     Gourm    .     (armour currently unavailable)
rNeg   + + +     Faith    .     (no shield)
rPois  +         Spirit   .     (helmet currently unavailable)
rElec  .         Reflect  .     (cloak currently unavailable)
rCorr  .         Harm     .     (gloves currently unavailable)
MR     .....     NoTele   +     (boots currently unavailable)
Stlth  +++.......               (no amulet)
                                (no ring)
                                (no ring)

@: tree-form
A: (talons 0), dopey 1, frail 1
a: Renounce Religion


You were on level 2 of the Dungeon.
You worshipped Xom.
You were a toy of Xom.
You were very hungry.
You were a tree.
You visited 1 branch of the dungeon, and saw 2 of its levels.

You collected 45 gold pieces.


Innate Abilities, Weirdness & Mutations

((You have sharp toenails.))
You are dopey. (Int -2)
You are frail. (-10% HP)


   Skills:
 - Level 2.4 Fighting
 - Level 3.0 Short Blades
 - Level 0.7 Armour
 - Level 2.4 Dodging
 + Level 4.8 Stealth


You had 2 spell levels left.
You didn't know any spells.

Inventory:

Hand Weapons
 a - a +0 short sword of chaos (weapon)
Armour
 g - a +0 ring mail of fire resistance (melded)
 k - a +1 ring mail of poison resistance
Potions
 b - a potion of flight
 d - a potion of lignification {!q}
 i - a potion of magic
Comestibles
 c - 2 bread rations
 f - 2 meat rations


Message History

You hit something.
Reactivating autopickup.
You feel a bit more experienced. Robin hits you but does no damage.
You cannot move.
You aren't carrying any items that you can evoke.
As you read the scroll labeled ZACLIO ICAT, it crumbles to dust.
The creatures around you are filled with an inner flame!
It was a scroll of immolation.
Your butterfly disappears in a puff of smoke!
Robin hits you but does no damage.
As you read the scroll labeled WACKER JEOSYNI, it crumbles to dust.
You feel blessed for a moment.
It was a scroll of remove curse.
Robin hits you but does no damage.
Your butterfly degenerates into a cloud of primal chaos!
Robin hits you but does no damage.
The hobgoblin hits you but does no damage.
Robin says, "Bow before me, strongest of all the hobgoblins!"
Robin hits you from afar with a spear of piercing.
* * * LOW HITPOINT WARNING * * *
You die...

.. #.# ##.## #.##.#
..... #..#.# ...# #.#..
#..# #..## #..# ##.#.
#..# ##### #..#
##.####..######¤..###)#b
.......7gg......b..<)..#
######.....####....)bb#.
#..¤..# #######..#
........# #.#. ###.....#
#..# #.....# #.####.#.
##.#### #......# #.#
#.####.#. #..#


You could see Robin (inner flame) and a hobgoblin (inner flame).

Vanquished Creatures
  3 dart slugs
  A leopard gecko (D:1)
  A bat (D:1)
  A giant cockroach (D:2)
  13 goblins
  9 hobgoblins
  7 jackals (D:2)
  5 frilled lizards (D:1)
  5 kobolds
  4 rats
49 creatures vanquished.

Notes
Turn   | Place    | Note
-------+----------+-------------------------------------------
     0 | D:1      | patrickswayze the Deep Elf Chaos Knight began the quest for the Orb.
     0 | D:1      | Reached XP level 1. HP: 13/13 MP: 3/3
    28 | D:1      | Reached skill level 1 in Stealth
    54 | D:1      | Reached skill level 2 in Stealth
    74 | D:1      | Reached XP level 2. HP: 17/18 MP: 4/4
   189 | D:1      | XOM: harmless Divn miscast
   208 | D:1      | Reached skill level 3 in Stealth
   483 | D:1      | Reached XP level 3. HP: 22/22 MP: 5/5
   654 | D:2      | Reached skill level 4 in Stealth
   757 | D:2      | Found a sacrificial altar of Ru.
   819 | D:2      | Noticed Robin
   877 | D:1      | HP: 1/22 [goblin/club[Robin] (5)]
  1088 | D:1      | XOM: harmless Fire miscast
  1168 | D:2      | XOM: butterfly on damage
  1169 | D:2      | XOM: butterfly on damage
  1170 | D:2      | HP: 4/22 [Robin/spear of piercing (1)]
  1187 | D:2      | Gained mutation: You are dopey. (Int -2) [potion of mutation]
  1187 | D:2      | Gained mutation: You have sharp toenails. [potion of mutation]
  1187 | D:2      | Gained mutation: You are frail. (-10% HP) [potion of mutation]
  1197 | D:2      | HP: 1/28 [Robin/spear of piercing (4)]
  1197 | D:2      | Slain by Robin

Vault maps used:
D:1:      saegor_arrival_simple_f
D:2:      tso_altar, nicolae_ru_sacrificial_ziggurat, minivault_23, uniq_robin

Action                   || total
-------------------------++-------
Melee: Short sword       ||   140
  Use: Scroll            ||     4
       Potion            ||     4
 Stab: Paralysed         ||     2
Armor: Leather armour    ||     4
       Ring mail         ||    48
       Skin              ||    10
Dodge: Dodged            ||    69
